 Dungeon Crawl Stone Soup version 0.29.0-4-gdea44cf6ec (webtiles) character file.

Game seed: 5409350929310187915

29 qw the Chopper (level 3, -2/21 HPs)
             Began as a Tengu Warper on Aug 28, 2022.
             Killed by divine providence
             ... invoked by an orc priest
              (14 damage)
             ... on level 2 of the Dungeon.
             The game lasted 00:00:08 (1739 turns).

qw the Chopper (Tengu Warper)                       Turns: 1739, Time: 00:00:09

Health: -2/21      AC:  9    Str: 13    XL:     3   Next: 16%
Magic:  7/7        EV: 11    Int: 13    God:
Gold:   151        SH:  0    Dex: 13    Spells: 6/6 levels left

rFire   + . .      SeeInvis .   Y - +0 hand axe
rCold   + . .      Faith    .   (no shield)
rNeg    . . .      Spirit   .   k - +0 ring mail
rPois   .          Reflect  .   (helmet restricted)
rElec   .          Harm     .   d - scarf {rC+ rF+}
rCorr   .          Rampage  .   (no gloves)
Will    +....                   (boots unavailable)
Stlth   +.........              (no amulet)
HPRegen 0.07/turn               i - ring of willpower
MPRegen 0.10/turn               m - +4 ring of protection

@: no status effects
A: beak, talons 3
a: no special abilities


You were on level 2 of the Dungeon.
You visited 1 branch of the dungeon, and saw 2 of its levels.

You collected 151 gold pieces.


Innate Abilities, Weirdness & Mutations

You have a beak for a mouth.
You have claws for feet.


   Skills:
 - Level 2.0 Fighting
 + Level 3.9 Axes
 - Level 1.0 Throwing
 - Level 1.1 Armour
 - Level 2.1 Dodging
 - Level 2.0 Spellcasting
 - Level 2.4 Translocations


You had 6 spell levels left.
You didn't know any spells.
Your spell library contained the following spells:

 Spells                   Type           Power      Damage    Failure   Level
 Blink                    Tloc           14%        N/A       30%         2
 Gell's Gravitas          Tloc           7%         N/A       52%         3
 Lesser Beckoning         Tloc           7%         N/A       52%         3
 Teleport Other           Tloc           7%         N/A       52%         3
 Manifold Assault         Tloc           7%         N/A       99%         5

Inventory:

Hand Weapons
 b - a +0 whip
 Y - a +0 hand axe (weapon)
Armour
 d - a scarf of resistance (worn)
 j - a +0 chain mail
 k - a +0 ring mail (worn)
Jewellery
 i - a ring of willpower (left hand)
 m - a +4 ring of protection (right hand)
Scrolls
 a - a scroll of teleportation
 c - a scroll of brand weapon {unknown}
 g - a scroll of identify
 h - a scroll of enchant armour
Potions
 e - a potion of degeneration {unknown}
 f - 2 potions of curing {unknown}
 l - a potion of resistance {unknown}

Dungeon Overview and Level Annotations

Branches:
Dungeon (2/15)

Altars:


Message History

You kill the ball python!
You see here a ball python corpse.
Found a stone staircase leading up.
Enter note:
Enter note:
There is a stone staircase leading up here.
An orc comes into view. It is wielding a +0 falchion.
An orc and an orc priest come into view.
The orc priest shouts!
You hear a shout! x3
An orc comes into view. It is wielding a +0 hand axe.
An orc priest comes into view. It is wielding a +0 club.
An orc comes into view. It is wielding a +0 club.
1732 ||| Stepping ~*~*~tactically~*~*~ (hiding).
1733 ||| Stepping ~*~*~tactically~*~*~ (hiding).
You hit the orc but do no damage. You peck the orc.
The orc is moderately wounded.
The orc hits you but does no damage.
You barely miss the orc. Your peck misses the orc.
The orc is moderately wounded.
The orc hits you with a +0 falchion.
You hit the orc but do no damage. You claw the orc, but do no damage.
The orc is moderately wounded.
The orc hits you with a +0 falchion.
You barely miss the orc. You peck the orc.
The orc is heavily wounded.
The orc priest looks braver for a moment.
The orc hits you but does no damage.
You hit the orc but do no damage. You claw the orc, but do no damage.
The orc is heavily wounded.
You hit the orc but do no damage. The orc misses you.
The orc barely misses you.
The orc priest looks encouraged for a moment.
You hit the orc.
The orc is almost dead.
You hit the orc but do no damage. The orc hits you but does no damage.
The orc hits you with a +0 falchion.
The orc priest mumbles some strange prayers to Beogh against you.
Beogh smites you!
Ouch! That really hurt!
You die...

#.# ##############.#
#.# #.# #####.### #.#
#.......# #.#
#...>...# ##### #..
#.......####...#####
####
............<.........
....
###.......#...ooo.....
##.
#.......#.##@#......
#.
#.......#.##.#.~...~
#. ###.####.....#.#
.oo.. #.#####.
#...####.##..#.# .....
#....)). .##..... ..
...#.# o.o. #..####%
.......# #. ...#.#
..o~ # #. .......# #.#
#. #..# ..# #. #K.# ##


You could see an orc priest and 2 orcs.

Vanquished Creatures
  2 orcs (D:2)
  A bat (D:2)
  3 endoplasms
  3 goblins
  4 hobgoblins
  A quokka (D:2)
  5 ball pythons
  2 frilled lizards
  3 kobolds (D:2)
  A rat (D:2)
25 creatures vanquished.

Notes
Turn   | Place    | Note
-------+----------+-------------------------------------------
     0 | D:1      | qw the Tengu Warper began the quest for the Orb.
     0 | D:1      | Reached XP level 1. HP: 12/12 MP: 4/4
     0 | D:1      | 0 ||| qw: Version: 0.1-a-89-g26bdef1
     0 | D:1      | 0 ||| qw: Game counter: 1352
     0 | D:1      | 0 ||| qw: Always use a shield: true
     0 | D:1      | 0 ||| qw: God list: Okawaru
     0 | D:1      | 0 ||| qw: Allow faded altars: false
     0 | D:1      | 0 ||| qw: Do Orc after D:15 true
     0 | D:1      | 0 ||| qw: Do second Lair branch before Depths: true
     0 | D:1      | 0 ||| qw: Lair rune preference: random
     0 | D:1      | 0 ||| qw: Plans: Normal
     0 | D:1      | 0 ||| PLANNING D:1-11
   858 | D:1      | Reached XP level 2. HP: 17/17 MP: 6/6
  1050 | D:1      | 1050 ||| UPGRADING to +0 ring mail.
  1060 | D:1      | 1060 ||| DROPPING +0 leather armour.
  1061 | D:1      | 1061 ||| UPGRADING to ring of willpower.
  1062 | D:1      | 1062 ||| UPGRADING to +4 ring of protection.
  1063 | D:1      | 1063 ||| READING 2 scrolls labelled WEROMY QOOV.
  1066 | D:1      | 1066 ||| READING 2 scrolls labelled ROYCACOFRO.
  1067 | D:1      | 1067 ||| READING scroll labelled JUASUY TISEFAT.
  1068 | D:1      | 1068 ||| READING scroll labelled ISTROGROUMN.
  1169 | D:1      | 1169 ||| DROPPING scroll of blinking.
  1195 | D:2      | Reached skill level 3 in Axes
  1195 | D:2      | 1195 ||| STAIRDANCE
  1381 | D:2      | 1381 ||| FLEEEEING.
  1382 | D:2      | 1382 ||| FLEEEEING.
  1383 | D:2      | 1383 ||| FLEEEEING.
  1384 | D:2      | 1384 ||| FLEEEEING.
  1385 | D:2      | 1385 ||| FLEEEEING.
  1387 | D:2      | 1387 ||| FLEEEEING.
  1389 | D:2      | 1389 ||| FLEEEEING.
  1390 | D:2      | 1390 ||| FLEEEEING.
  1391 | D:2      | 1391 ||| FLEEEEING.
  1392 | D:2      | 1392 ||| FLEEEEING.
  1394 | D:2      | 1394 ||| FLEEEEING.
  1395 | D:2      | 1395 ||| FLEEEEING.
  1396 | D:2      | 1396 ||| FLEEEEING.
  1397 | D:2      | 1397 ||| FLEEEEING.
  1398 | D:2      | 1398 ||| FLEEEEING.
  1406 | D:2      | 1406 ||| STAIRDANCE
  1433 | D:1      | 1433 ||| UPGRADING to scarf of resistance.
  1438 | D:1      | 1438 ||| READING scroll labelled WACEL COIDWA.
  1439 | D:1      | 1439 ||| READING scroll labelled WUZUIB ZALURI.
  1445 | D:2      | 1445 ||| DROPPING +0 club.
  1589 | D:2      | 1589 ||| Stepping ~*~*~tactically~*~*~ (stealth).
  1590 | D:2      | 1590 ||| Stepping ~*~*~tactically~*~*~ (stealth).
  1608 | D:2      | 1608 ||| Stepping ~*~*~tactically~*~*~ (stealth).
  1609 | D:2      | 1609 ||| Stepping ~*~*~tactically~*~*~ (stealth).
  1626 | D:2      | Reached XP level 3. HP: 21/21 MP: 7/7
  1732 | D:2      | 1732 ||| Stepping ~*~*~tactically~*~*~ (hiding).
  1733 | D:2      | 1733 ||| Stepping ~*~*~tactically~*~*~ (hiding).
  1739 | D:2      | Killed from afar by an orc priest

Levels and vault maps discovered:
D:1:      ncdulo_wetmaze, layout_loops_corners, minmay_misc_feat_chi
D:2:      cheibrodos_pilgrimage, layout_loops_ring, kennysheep_generic_room_13

Skill      XL: |  1  2 |
---------------+-------+-----
Axes           | 3 |  3.9
Fighting       | |  2.0
Throwing       | |  1.0
Armour         | |  1.1
Dodging        | |  2.1
Spellcasting   | |  2.0
Translocations | |  2.4

Action                   || total
-------------------------++-------
Melee: Hand axe          ||    61
       Kick              ||    15
       Peck              ||     8
Throw: Boomerang         ||     7
  Use: Scroll            ||     6
Armor: Leather armour    ||     5
       Ring mail         ||    23
Dodge: Dodged            ||    19

Table legend:
 A = Non-vault XP
 B = Vault XP
 C = Vault XP percentage of total XP
 D = Non-vault monster count
 E = Vault monster count
 F = Vault count percentage of total count
                 A         B        C        D         E       F
            +---------+---------+-------+---------+---------+-------
      Total |      42 |       0 |   0.0 |      25 |       0 |   0.0
            +---------+---------+-------+---------+---------+-------
        D:1 |      10 |       0 |   0.0 |       6 |       0 |   0.0
        D:2 |      32 |       0 |   0.0 |      19 |       0 |   0.0
            +---------+---------+-------+---------+---------+-------
